 Dungeon Crawl Stone Soup version 0.29.0-11-gd7f09526c8 (webtiles) character file.

Game seed: 13876797470825838142

13906 groovy9 the Basher (level 11, -31/109 HPs)
             Began as a Troll Berserker on Sept 6, 2022.
             Was a High Priest of Trog.
             Annihilated by an enormous slime creature (76 damage)
             ... on level 12 of the Dungeon.
             The game lasted 01:00:35 (10091 turns).

groovy9 the Basher (Troll Berserker)               Turns: 10091, Time: 01:00:35

Health: -31/109    AC: 19    Str: 30    XL:     11   Next: 81%
Magic:  8/8        EV: 12    Int:  2    God:    Trog [*****.]
Gold:   785        SH:  0    Dex: 13    Spells: 10/10 levels left

rFire   . . .      SeeInvis .   a - +4 flail (protect)
rCold   . . .      Faith    .   (no shield)
rNeg    + . .      Spirit   .   h - +0 acid dragon scales
rPois   .          Reflect  .   (helmet restricted)
rElec   .          Harm     .   E - scarf {shadows}
rCorr   +          Rampage  .   (gloves unavailable)
Will    .....      Clarity  +   (boots unavailable)
Stlth   +.........              l - amulet of the acrobat
HPRegen 1.08/turn               g - ring of positive energy
MPRegen 0.11/turn               x - +4 ring of protection

@: under a protective aura
A: large, unfitting armour, claws 3, regeneration 1, shaggy fur 1, tough skin 1,
hooves 1, agile 1, clarity, low MP 1
a: Renounce Religion, Berserk, Trog's Hand, Brothers in Arms


You were on level 12 of the Dungeon.
You worshipped Trog.
Trog was extremely pleased with you.
You visited 1 branch of the dungeon, and saw 12 of its levels.

You collected 785 gold pieces.

Inventory:

Hand Weapons
 a - a +4 flail of protection (weapon)
 b - a +0 sling
 k - a +2 flail of holy wrath
Missiles
 e - 84 stones (quivered)
Armour
 h - +0 acid dragon scales (worn)
 y - a +2 robe of willpower
 D - a +2 tower shield
 E - a scarf of shadows (worn)
Jewellery
 g - a ring of positive energy (left claw)
 l - an amulet of the acrobat (around neck)
 p - a ring of protection from cold
 x - a +4 ring of protection (right claw)
 F - a ring of positive energy
Wands
 o - a wand of flame (9)
 s - a wand of iceblast (15)
 u - a wand of polymorph (2)
 C - a wand of quicksilver (2)
Scrolls
 c - a scroll of fog
 j - 3 scrolls of fear
 m - 4 scrolls of teleportation
 n - a scroll of silence
 q - 2 scrolls of enchant weapon
 v - 4 scrolls of identify
Potions
 d - 2 potions of resistance
 f - 4 potions of degeneration
 i - a potion of berserk rage
 r - 5 potions of heal wounds
 t - 8 potions of curing
 z - a potion of haste
 A - 3 potions of flight
Miscellaneous
 B - a box of beasts


   Skills:
 * Level 7.0 Fighting
 - Level 14.6 Maces & Flails
 * Level 7.0 Dodging


You had 10 spell levels left.
You didn't know any spells.
Your spell library contained the following spells:

 Spells                   Type           Power      Damage    Failure   Level
 Slow                     Hex            0%         N/A       61%         1
 Summon Small Mammal      Summ           0%         N/A       61%         1
 Call Canine Familiar     Summ           0%         N/A       93%         3
 Confusing Touch          Hex            0%         N/A       93%         3
 Gell's Gravitas          Tloc           0%         N/A       93%         3
 Lesser Beckoning         Tloc           0%         N/A       93%         3
 Summon Guardian Golem    Hex/Summ       0%         N/A       93%         3
 Teleport Other           Tloc           0%         N/A       93%         3
 Vampiric Draining        Necr           0%         2d6       93%         3
 Summon Forest            Summ/Tloc      0%         N/A       100%        5
 Summon Mana Viper        Hex/Summ       0%         N/A       100%        5
 Yara's Violent Unravell  Hex/Tmut       0%         3d3       100%        5
 Summon Cactus Giant      Summ           0%         N/A       100%        6
 Enfeeble                 Hex            0%         N/A       100%        7


Dungeon Overview and Level Annotations

Branches:
Dungeon (12/15)            Temple (0/1) D:7            Lair (0/5) D:8
    Orc: D:9-12

Altars:
Ashenzari
Cheibriados
Elyvilon
Fedhas
Gozag
Hepliaklqana
Kikubaaqudgha
Makhleb
Nemelex Xobeh
Okawaru
Trog
Uskayaw
Vehumet
Wu Jian
Yredelemnul

Shops:
D:10 (


Innate Abilities, Weirdness & Mutations

You are too large for most types of armour.
You have claws for hands.
Your natural rate of healing is unusually fast.
You are covered in fur. (AC +1)
You have tough skin. (AC +1)
You have large cloven feet.
You are agile. (Dex +4, Str/Int -1)
You possess an exceptional clarity of mind.
Your magical capacity is low. (-10% MP)


Message History

The enormous slime creature hits you but does no damage.
You bludgeon the enormous slime creature!!
The enormous slime creature is heavily wounded.
The enormous slime creature closely misses you.
You sock the enormous slime creature! You kick the enormous slime creature.
The enormous slime creature is heavily wounded.
You sock the enormous slime creature! You kick the enormous slime creature.
The enormous slime creature is heavily wounded.
The enormous slime creature barely misses you.
You barely miss the enormous slime creature.
You kick the enormous slime creature.
The enormous slime creature is severely wounded.
The enormous slime creature hits you!!!
You are too injured to fight recklessly!
You are too injured to fight recklessly!
You hit the enormous slime creature but do no damage.
You kick the enormous slime creature, but do no damage.
The enormous slime creature is severely wounded.
You barely miss the enormous slime creature.
The enormous slime creature is severely wounded.
The enormous slime creature barely misses you.
A slime creature comes into view.
The slime creature quivers.
You hit the enormous slime creature. You kick the enormous slime creature.
The enormous slime creature is severely wounded.
The enormous slime creature hits you.
You hit the enormous slime creature. You claw the enormous slime creature!
The enormous slime creature is severely wounded.
You hit the enormous slime creature.
The enormous slime creature is severely wounded.
The enormous slime creature completely misses you.
You bludgeon the enormous slime creature!!
You kick the enormous slime creature, but do no damage.
The enormous slime creature is almost dead.
The enormous slime creature hits you!!
You sock the enormous slime creature! You kick the enormous slime creature.
The enormous slime creature is almost dead.
The enormous slime creature hits you!!!!
Ouch! That really hurt!
You die...

.......#
...[..#
.....#
....#
... #J#
#@# #.#
#.# #.#
##.#
#..#
##.##
#..#
#.##


You could see an enormous slime creature.

Vanquished Creatures
  Erica (D:8)
  2 two-headed ogres
  Amaemon (D:7)
  Pikel (D:8)
  An ugly thing (D:11)
  A manticore (D:11)
  Maurice (D:10)
  An unseen horror (D:11)
  An orange demon (D:8)
  An efreet (D:9)
  A kobold demonologist (D:10)
  2 trolls (D:10)
  2 hornets
  The ghost of mdonais the Firebug, an amateur OpCA of Ignis (D:3)
  Prince Ribbit (D:8)
  2 shadows
  13 yaks
  A wraith (D:11)
  A vampire (D:11)
  A basilisk (D:11)
  2 wyverns
  Menkaure (D:3)
  3 acid dragons
  A sky beast (D:7)
  5 orc warriors
  2 black bears
  An ogre (D:4)
  7 centaurs
  A phantom (D:5)
  A kobold brigand (D:6)
  Blork the orc (D:6)
  A necrophage (D:4)
  2 scorpions
  14 wights
  12 killer bees
  3 howler monkeys (D:9)
  An electric eel (D:9)
  A gnoll bouda (D:4)
  4 hounds
  6 orc priests
  4 jellies
  15 orc wizards
  Natasha (thrice) (D:2)
  5 iguanas
  A mummy (D:3)
  12 adders
  An ufetubus (D:6)
  An adder skeleton (D:3)
  3 worms
  2 dart slugs
  30 orcs
  5 bats
  5 endoplasms
  8 giant cockroaches
  8 goblins
  4 hobgoblins
  14 jackals
  4 quokkas (D:5)
  5 ball pythons
  A ball python skeleton (D:3)
  A frilled lizard (D:2)
  7 kobolds
  5 rats
249 creatures vanquished.

Vanquished Creatures (others)
  A wizard (D:5)
  An orc wizard (D:4)
  A plant (D:1)
3 creatures vanquished.

Grand Total: 252 creatures vanquished

Notes
Turn   | Place    | Note
-------+----------+-------------------------------------------
     0 | D:1      | groovy9 the Troll Berserker began the quest for the Orb.
     0 | D:1      | Reached XP level 1. HP: 22/22 MP: 0/0
   156 | D:1      | Found a faded altar of an unknown god.
   320 | D:1      | Reached XP level 2. HP: 27/29 MP: 1/1
   590 | D:1      | Reached skill level 3 in Maces & Flails
   732 | D:1      | Gained mutation: You sometimes lose your temper in combat.
                  | [potion of mutation]
   827 | D:2      | Reached XP level 3. HP: 20/36 MP: 2/2
   876 | D:2      | Noticed Natasha
   886 | D:2      | Killed Natasha
   887 | D:2      | Reached skill level 4 in Maces & Flails
   982 | D:2      | Reached XP level 4. HP: 44/44 MP: 3/3
  1155 | D:2      | Noticed Natasha
  1161 | D:2      | Killed Natasha
  1281 | D:2      | Reached ** piety under Trog
  1440 | D:2      | Noticed Natasha
  1450 | D:2      | Killed Natasha
  1451 | D:2      | Reached skill level 5 in Maces & Flails
  1451 | D:2      | Reached XP level 5. HP: 34/50 MP: 4/4
  1903 | D:3      | Lost mutation: You sometimes lose your temper in combat.
                  | [potion of mutation]
  1903 | D:3      | Gained mutation: You are frail. (-10% HP) [potion of
                  | mutation]
  2075 | D:3      | Noticed mdonais's ghost (amateur OpCA)
  2094 | D:3      | Found a runed translucent gate.
  2094 | D:3      | Found a runed translucent gate.
  2095 | D:3      | Found a runed translucent gate.
  2152 | D:3      | Found an ancient bone altar of Kikubaaqudgha.
  2153 | D:3      | Found a basalt altar of Yredelemnul.
  2153 | D:3      | Noticed Menkaure
  2156 | D:3      | Found a transporter.
  2232 | D:3      | Found a transporter.
  2266 | D:3      | Killed Menkaure
  2267 | D:3      | Reached skill level 6 in Maces & Flails
  2267 | D:3      | Reached XP level 6. HP: 50/53 MP: 5/5
  2635 | D:3      | Killed mdonais's ghost
  2636 | D:3      | Reached skill level 7 in Maces & Flails
  2636 | D:3      | Reached XP level 7. HP: 30/59 MP: 6/6
  2993 | D:4      | Reached skill level 8 in Maces & Flails
  3795 | D:5      | Entered Level 5 of the Dungeon
  3823 | D:5      | Reached skill level 9 in Maces & Flails
  3823 | D:5      | Reached XP level 8. HP: 66/66 MP: 7/7
  4202 | D:5      | Reached skill level 10 in Maces & Flails
  4637 | D:5      | Found a bloodstained altar of Trog.
  4638 | D:5      | Noticed a wizard
  4643 | D:5      | Killed a wizard
  5309 | D:6      | Reached skill level 11 in Maces & Flails
  5309 | D:6      | Reached XP level 9. HP: 72/72 MP: 8/8
  5375 | D:6      | Found a hide-covered altar of Uskayaw.
  5380 | D:6      | Noticed Blork the orc
  5395 | D:6      | Killed Blork the orc
  5849 | D:6      | Lost mutation: You are frail. (-10% HP) [potion of
                  | mutation]
  5849 | D:6      | Gained mutation: You possess an exceptional clarity of
                  | mind. [potion of mutation]
  5849 | D:6      | Gained mutation: You have large cloven feet. [potion of
                  | mutation]
  5849 | D:6      | Gained mutation: Your magical capacity is low. (-10% MP)
                  | [potion of mutation]
  5849 | D:6      | Gained mutation: You are agile. (Dex +4, Str/Int -1)
                  | [potion of mutation]
  5938 | D:6      | Reached *** piety under Trog
  6094 | D:7      | Found a staircase to the Ecumenical Temple.
  6384 | D:7      | Identified the +7 quarterstaff of Karma {drain, rCorr
                  | Int+4}
  6441 | D:7      | Reached skill level 12 in Maces & Flails
  6451 | D:7      | Found a sparkling altar of Nemelex Xobeh.
  6457 | D:7      | Found a blossoming altar of Fedhas.
  6468 | D:7      | Found an iron altar of Okawaru.
  6475 | D:7      | Found an opulent altar of Gozag.
  6481 | D:7      | Found a white marble altar of Elyvilon.
  6488 | D:7      | Found a snail-covered altar of Cheibriados.
  6493 | D:7      | Found an ornate altar of the Wu Jian Council.
  6553 | D:8      | Noticed Amaemon
  6553 | D:8      | Noticed an orange demon
  6565 | D:7      | Killed Amaemon
  6621 | D:8      | Killed an orange demon
  6625 | D:8      | Reached skill level 13 in Maces & Flails
  6731 | D:8      | Reached XP level 10. HP: 88/88 MP: 8/8
  6807 | D:8      | Found a staircase to the Lair.
  6811 | D:8      | Noticed Erica
  6824 | D:8      | Killed Erica
  6872 | D:8      | Noticed Prince Ribbit
  6879 | D:8      | Killed Prince Ribbit
  6917 | D:8      | Noticed Pikel
  6937 | D:8      | Reached skill level 14 in Maces & Flails
  6943 | D:8      | Killed Pikel
  6998 | D:8      | Paralysed by a hornet for 1 turns
  7156 | D:8      | Found a hazy altar of Hepliaklqana.
  7191 | D:8      | Found a broken altar of Ashenzari.
  7271 | D:8      | Reached **** piety under Trog
  7378 | D:8      | Noticed a two-headed ogre
  7384 | D:8      | Killed a two-headed ogre
  7880 | D:9      | Reached XP level 11. HP: 86/101 MP: 8/8
  7920 | D:9      | Noticed a two-headed ogre
  7928 | D:9      | Killed a two-headed ogre
  8044 | D:9      | Reached skill level 5 in Fighting
  8044 | D:9      | Reached skill level 5 in Dodging
  8133 | D:9      | Found a flagged portal.
  8223 | D:9      | Identified the +1 scale mail of the Slightly Bent {Slay+2
                  | Stlth+}
  8307 | D:10     | Entered Level 10 of the Dungeon
  8311 | D:10     | Noticed Maurice
  8320 | D:10     | Killed Maurice
  8337 | D:10     | Found a burning altar of Makhleb.
  8433 | D:10     | Reached ***** piety under Trog
  8885 | D:10     | Found a radiant altar of Vehumet.
  8919 | D:10     | Found Uwnaneb's Antique Weapon Shoppe.
  9841 | D:11     | Noticed a green ugly thing
  9847 | D:11     | Killed a green ugly thing
 10091 | D:12     | Annihilated by an enormous slime creature

Illustrated notes

Levels and vault maps discovered:
D:1:      amcnicky_arrival_feature_with_door, layout_basic,
          dreamdust_ecumenical_altar_hidden_monk_grotto
D:2:      layout_loops_corners, uniq_natasha
D:3:      layout_loops_ring, gammafunk_temple_of_torment, gammafunk_ghost_split
D:4:      minmay_chambers_of_threes, layout_loops_corners, st_stairs_1
D:5:      layout_loops_ring, trog_wizard, gup_sewer_entry_pipe,
          hangedman_decor_growths, eino_tiny_chamber, kennysheep_pointless_box
D:6:      layout_layer_cave, mainiacjoe_overflow_paths, serial_glass,
          glass_columns_b, glass_columns_a, due_unseen_surprise,
          item_on_display_a, minmay_strange_pillars, uniq_blork_the_orc
D:7:      layout_rooms, grunt_temple_overflow_octagram,
          minmay_temple_entry_statues_fountains
D:8:      layout_gridville, mainiacjoe_overflow_swirl, lair_entry_dummy,
          uniq_erica, uniq_prince_ribbit1, uniq_pikel, uniq_amaemon
D:9:      layout_rooms, enter_bailey_3, minivault_14
D:10:     layout_rooms, fiery_altar_vehumet, mainiacjoe_overflow_tiny_flanked,
          serial_shops, nicolae_lakefront_shop, uniq_maurice
D:11:     layout_stronghold
D:12:     layout_roguey, erik_orc_1, gauntlet_entry_generic, uniq_snorg

Skill      XL: |  1  2  3  4  5  6  7  8  9 10 11 |
---------------+----------------------------------+-----
Maces & Flails | 3 4 5 6 7 9 11 13 14 | 14.6
Fighting       | 4 7 |  7.0
Dodging        | 4 7 |  7.0

Action                   |  1- 3 |  4- 6 |  7- 9 | 10-12 || total
-------------------------+-------+-------+-------+-------++-------
Melee: Mace              |    66 |   123 |       |       ||   189
       Punch             |       |     1 |     6 |     3 ||    10
       Flail             |       |    30 |   342 |   361 ||   733
       Kick              |       |       |    18 |   124 ||   142
       Unarmed           |       |       |     4 |       ||     4
Invok: Berserk           |     1 |     5 |     5 |     3 ||    14
       Trog's Hand       |       |     4 |     1 |     1 ||     6
Evoke: Wand              |       |       |       |     2 ||     2
  Use: Potion            |     4 |     1 |     9 |     1 ||    15
       Scroll            |     1 |     2 |    11 |     3 ||    17
Armor: Animal skin       |    23 |    58 |    97 |       ||   178
       Troll leather arm |       |       |    70 |    56 ||   126
       Robe              |       |       |       |    81 ||    81
       Acid dragon scale |       |       |       |    47 ||    47
       Skin              |       |       |       |     1 ||     1
Dodge: Dodged            |    32 |    73 |   191 |   262 ||   558
